 Dungeon Crawl Stone Soup version 0.22-a0-803-gd6d8abe (webtiles) character file.

133 Gildeon the Conjurer (level 4, -2/24 HPs)
             Began as a Deep Elf Conjurer on July 22, 2018.
             Slain by Natasha (6 damage)
             ... on level 2 of the Dungeon.
             The game lasted 00:07:42 (1825 turns).

Gildeon the Conjurer (Deep Elf Conjurer)            Turns: 1825, Time: 00:07:42

Health: -2/24      AC:  3    Str:  5    XL:     4   Next: 94%
Magic:  1/21       EV: 13    Int: 21    God:
Gold:   121        SH:  0    Dex: 15    Spells: 2/12 levels left

rFire    . . .     SeeInvis .   l - +1 dagger
rCold    . . .     Gourm    .   (no shield)
rNeg     . . .     Faith    .   a - +0 robe
rPois    .         Spirit   .   m - +0 helmet
rElec    .         Reflect  .   (no cloak)
rCorr    .         Harm     .   (no gloves)
MR       .....                  (no boots)
Stlth    ++++......             (no amulet)
HPRegen  0.08/turn              e - ring of magical power
MPRegen  0.17/turn              h - ring of stealth

@: no status effects
A: no striking features
a: no special abilities


You were on level 2 of the Dungeon.
You were not hungry.

You visited 1 branch of the dungeon, and saw 2 of its levels.

You collected 121 gold pieces.

Inventory:

Hand Weapons
 l - a +1 dagger (weapon)
Armour
 a - a +0 robe (worn)
 m - a +0 helmet (worn)
Jewellery
 e - a ring of magical power (left hand)
 g - an uncursed ring of see invisible
 h - a ring of stealth (right hand)
Scrolls
 i - a scroll of remove curse
 k - a scroll of fog
Potions
 b - a potion of lignification {unknown}
 d - a potion of degeneration {unknown}
 f - a potion of heal wounds {unknown}
 j - 2 potions of cancellation {unknown}
 n - a potion of magic {unknown}
Comestibles
 c - a ration
 o - 15 chunks of flesh


   Skills:
 + Level 3.1 Dodging
 + Level 4.3 Stealth
 + Level 4.7 Spellcasting
 - Level 5.0 Conjurations


You had 2 spell levels left.
You knew the following spells:

 Your Spells              Type           Power        Failure   Level  Hunger
a - Magic Dart            Conj           ####         1%          1    None
b - Searing Ray           Conj           ####..       2%          2    #......
c - Dazzling Spray        Conj/Hex       ###...       12%         3    ##.....
d - Iskenderun's Mystic   Conj           ####....     14%         4    ####...

Your spell library contained the following spells:

 Spells                   Type           Power        Failure   Level  Hunger
 Fulminant Prism          Conj/Hex       ###.......   36%         4    ####...
 Force Lance              Conj/Tloc      ###.....     36%         4    ####...


Dungeon Overview and Level Annotations

Branches:
Dungeon (2/15)

Altars:
Ashenzari

Annotations:
D:2 Natasha


Message History

The magic dart hits Natasha.
Natasha is severely wounded.
Natasha closely misses you.
You hit Natasha but do no damage.
Natasha is severely wounded.
Natasha drinks a potion.
Natasha is healed!
Casting: Magic Dart (safe; 1% risk of failure)
Confirm with . or Enter, or press ? or * to list all spells.
Aiming: Magic Dart (safe; 1% risk of failure)
Press: ? - help, Shift-Dir - straight line, f/p - Natasha
Aim: Natasha (moderately wounded)
The magic dart hits Natasha.
Natasha is moderately wounded.
Natasha stares at you and mumbles some strange words.
The magic dart hits you!
* * * LOW HITPOINT WARNING * * *
You hit Natasha.
Natasha is moderately wounded.
Natasha claws you.
You die...

#.........# . #... #.........#
#... #.........# #... #.#..
#.........##. #... ..#..#
#.........##... #... .....#..
##.........##... #...
..##.#......+...............####.
......#.....####h#.............#.
......#.#...# #@#.............#.
............####.#.............#.
......#.......##)#...#...........
..[...........##'#####...........
....[.........#....# #...........
..............#....###...........
..)..##...#......................
.....'....#........#.............
.....#.#..#........#.............


You could see Natasha.

Vanquished Creatures
  Natasha (twice) (D:2)
  Robin (D:2)
  An ooze (D:2)
  5 dart slugs
  A leopard gecko (D:1)
  2 bats (D:1)
  2 giant cockroaches (D:1)
  14 goblins
  7 hobgoblins
  5 kobolds (D:1)
  3 ball pythons
  4 frilled lizards
  9 rats
56 creatures vanquished.

Notes
Turn   | Place    | Note
-------+----------+-------------------------------------------
     0 | D:1      | Gildeon the Deep Elf Conjurer began the quest for the Orb.
     0 | D:1      | Reached XP level 1. HP: 10/10 MP: 6/6
   188 | D:1      | Reached XP level 2. HP: 9/15 MP: 2/8
   201 | D:1      | Learned a level 2 spell: Searing Ray
   551 | D:1      | Found a shattered altar of Ashenzari.
   897 | D:1      | Reached XP level 3. HP: 19/19 MP: 10/10
   902 | D:1      | Learned a level 3 spell: Dazzling Spray
  1480 | D:2      | Noticed Natasha
  1490 | D:2      | Killed Natasha
  1490 | D:2      | Reached skill level 5 in Conjurations
  1582 | D:2      | Noticed Natasha
  1585 | D:2      | Killed Natasha
  1585 | D:2      | Reached XP level 4. HP: 17/24 MP: 12/12
  1591 | D:2      | Learned a level 4 spell: Iskenderun's Mystic Blast
  1768 | D:2      | Noticed Robin
  1791 | D:2      | Killed Robin
  1810 | D:2      | Noticed Natasha
  1825 | D:2      | Slain by Natasha

Vault maps used:
D:1:      dpeg_arrival_round_c, minmay_misc_feat_tower, ashenzari_altar_1
D:2:      first_ration, grunt_decor_fettered, uniq_natasha, uniq_robin

Skill      XL: |  1  2  3  4 |
---------------+-------------+-----
Stealth        | 3 4 |  4.3
Spellcasting   | 4 |  4.7
Conjurations   | 5 |  5.0
Dodging        | 3 |  3.1

Action                   |  1- 3 |  4- 6 || total
-------------------------+-------+-------++-------
Melee: Short sword       |    13 |       ||    13
       Dagger            |    18 |    19 ||    37
 Cast: Magic Dart        |    44 |    17 ||    61
       Searing Ray       |     1 |     4 ||     5
  Use: Scroll            |     3 |       ||     3
 Stab: Sleeping          |    11 |     2 ||    13
  Eat: Ration            |     1 |       ||     1
Armor: Robe              |     5 |     2 ||     7
Dodge: Dodged            |    22 |    14 ||    36

Table legend:
 A = Spawn XP
 B = Non-spawn XP
 C = Spawn XP percentage of total XP
 D = Spawn monster count
 E = Non-spawn monster count
 F = Spawn count percentage of total count
 G = Total turns spent on level
                    A         B        C        D         E        F      G
               +---------+---------+-------+---------+---------+-------+---------
         Total |       0 |     191 |   0.0 |       0 |      56 |   0.0 |  1825
               +---------+---------+-------+---------+---------+-------+---------
           D:1 |       0 |      47 |   0.0 |       0 |      25 |   0.0 |  1270
           D:2 |       0 |     144 |   0.0 |       0 |      31 |   0.0 |   555
               +---------+---------+-------+---------+---------+-------+---------
